General information
- name: BNet
- type: Ladder team game (AT/RT)
- host: Battle.net
- saver: Jiggaboo
map: MarketSquare
- players: 8
- length: 25:14
- speed: Fast
- version: 1.26 W3XP
- replay type: Public
» download(192 KB)
Players
team 1 (loser)

»
Mr.Siggie (
teal | 54 APM | 1307 actions | 24:22)
5 Death Knight
2 Death Coil
3 Unholy Aura
5 Dreadlord
3 Vampiric Aura
2 Sleep
1 Mountain King
1 Storm Bolt
» actions
Assign group hotkey | 48 | |
Basic commands | 3 | |
Build / train | 84 | |
Enter build submenu | 18 | |
Enter hero's abilities submenu | 11 | |
Remove unit from queue | 1 | |
Right click | 516 | |
Select / deselect | 473 | |
Select group hotkey | 83 | |
Use ability | 70 | |
1307 total
» units
Acolyte | 12 | |
Ghoul | 4 | |
Crypt Fiend | 6 | |
Necromancer | 21 | |
Meatwagon | 5 | |
Gryphon Rider | 2 | |
50 total
» upgrades
Skeletal Longevity | 1 | |
Necromancer Training | 2 | |
Unholy Strength | 2 | |
Unholy Armor | 2 | |
Skeletal Mastery | 1 | |
8 total
» buildings
Crypt | 1 | |
Graveyard | 1 | |
Ziggurat | 7 | |
Altar of Darkness | 1 | |
Tomb of Relics | 1 | |
Nerubian Tower | 1 | |
Halls of the Dead | 1 | |
Temple of the Damned | 3 | |
Slaughterhouse | 1 | |
Black Citadel | 1 | |
Arcane Vault | 1 | |
19 total
» build order
00:18 Crypt
00:22 Graveyard
00:38 Ziggurat
01:03 Altar of Darkness
01:11 Tomb of Relics
02:03 Ziggurat
02:32 Nerubian Tower
04:38 Halls of the Dead
06:30 Ziggurat
06:33 Ziggurat
07:05 Temple of the Damned
07:16 Temple of the Damned
07:18 Temple of the Damned
07:20 Slaughterhouse
07:55 Black Citadel
12:49 Ziggurat
13:06 Ziggurat
13:09 Ziggurat
21:54 Arcane Vault
» items
Rod of Necromancy | 1 | |
Scroll of Town Portal | 8 | |
9 total
Exodis (
purple | 77 APM | 1874 actions | 24:26)
6 Keeper of the Grove
3 Entangling Roots
2 Thorns Aura
1 Tranquility
» actions
Assign group hotkey | 33 | |
Build / train | 69 | |
Enter build submenu | 30 | |
Enter hero's abilities submenu | 6 | |
Right click | 759 | |
Select / deselect | 326 | |
Select group hotkey | 554 | |
Use ability | 97 | |
1874 total
» units
Wisp | 14 | |
Archer | 7 | |
Huntress | 9 | |
Druid of the Claw | 7 | |
Dryad | 6 | |
Dragonhawk Rider | 2 | |
Gryphon Rider | 2 | |
47 total
» upgrades
Druid of the Claw Training | 2 | |
Sentinel | 1 | |
Strength of the Wild | 1 | |
Reinforced Hides | 1 | |
Abolish Magic | 1 | |
Mark of the Claw | 1 | |
Cloud | 1 | |
8 total
» buildings
Altar of Elders | 1 | |
Moon Well | 10 | |
Ancient of War | 1 | |
Hunter's Hall | 1 | |
Ancient Protector | 1 | |
Tree of Ages | 1 | |
Ancient of Wonders | 1 | |
Ancient of Lore | 2 | |
Tree of Eternity | 1 | |
Farm | 9 | |
28 total
» build order
00:20 Altar of Elders
00:34 Moon Well
00:57 Ancient of War
01:32 Moon Well
01:55 Moon Well
03:35 Hunter's Hall
05:16 Moon Well
05:18 Ancient Protector
06:46 Moon Well
06:57 Moon Well
07:26 Tree of Ages
09:18 Ancient of Wonders
09:21 Moon Well
09:25 Moon Well
09:26 Moon Well
09:57 Ancient of Lore
10:51 Tree of Eternity
10:57 Moon Well
12:29 Ancient of Lore
22:25 Farm
22:26 Farm
22:26 Farm
22:27 Farm
22:28 Farm
22:28 Farm
22:29 Farm
22:30 Farm
22:30 Farm
» items
Potion of Healing | 3 | |
Lesser Clarity Potion | 2 | |
5 total
MishrasHelix (
green | 73 APM | 1376 actions | 18:53)
4 Mountain King
2 Storm Bolt
2 Bash
» actions
Assign group hotkey | 29 | |
Basic commands | 42 | |
Build / train | 117 | |
ESC pressed | 3 | |
Enter build submenu | 27 | |
Enter hero's abilities submenu | 4 | |
Right click | 478 | |
Select / deselect | 295 | |
Select group hotkey | 294 | |
Use ability | 87 | |
1376 total
» units
Peasant | 55 | |
Footman | 8 | |
Knight | 2 | |
Spell Breaker | 4 | |
Dragonhawk Rider | 2 | |
71 total
» upgrades
Masonry | 2 | |
Swords | 2 | |
Defend | 1 | |
Armor | 1 | |
Magic Sentry | 1 | |
Animal War Training | 1 | |
Lumber Harvesting | 1 | |
9 total
» buildings
Lumber Mill | 1 | |
Farm | 4 | |
Scout Tower | 20 | |
Altar of Kings | 1 | |
Arcane Tower | 9 | |
Barracks | 1 | |
Guard Tower | 6 | |
Town Hall | 1 | |
Blacksmith | 1 | |
Keep | 5 | |
Arcane Vault | 1 | |
Castle | 1 | |
Arcane Sanctum | 1 | |
Gryphon Aviary | 2 | |
54 total
» build order
00:08 Lumber Mill
00:31 Farm
00:32 Farm
01:07 Scout Tower
01:26 Altar of Kings
01:48 Arcane Tower
01:49 Arcane Tower
02:17 Farm
02:36 Farm
02:49 Barracks
03:14 Scout Tower
03:15 Scout Tower
03:16 Scout Tower
03:47 Scout Tower
03:48 Scout Tower
04:06 Guard Tower
04:40 Arcane Tower
05:13 Town Hall
05:18 Scout Tower
05:26 Arcane Tower
05:27 Guard Tower
05:32 Guard Tower
05:47 Arcane Tower
06:33 Blacksmith
07:08 Keep
07:08 Keep
07:09 Keep
07:15 Arcane Vault
07:44 Scout Tower
07:45 Scout Tower
07:46 Scout Tower
07:57 Scout Tower
07:58 Scout Tower
08:20 Scout Tower
08:20 Scout Tower
08:21 Scout Tower
09:04 Guard Tower
09:09 Guard Tower
09:42 Castle
09:46 Scout Tower
09:47 Scout Tower
10:15 Guard Tower
12:26 Arcane Sanctum
14:29 Scout Tower
14:30 Scout Tower
14:31 Scout Tower
15:32 Gryphon Aviary
16:31 Arcane Tower
16:37 Gryphon Aviary
17:53 Arcane Tower
» items
Lesser Clarity Potion | 3 | |
Scroll of Regeneration | 4 | |
Scroll of Town Portal | 2 | |
Potion of Healing | 1 | |
Potion of Mana | 1 | |
11 total
Bazuuca (
yellow | 68 APM | 1725 actions | 25:12)
5 Warden
3 Shadow Strike
2 Blink
5 Priestess of the Moon
3 Searing Arrows
2 Trueshot Aura
» actions
Assign group hotkey | 41 | |
Basic commands | 3 | |
Build / train | 78 | |
Enter build submenu | 21 | |
Enter hero's abilities submenu | 10 | |
Give item / drop item | 2 | |
Remove unit from queue | 3 | |
Right click | 1104 | |
Select / deselect | 328 | |
Select group hotkey | 75 | |
Use ability | 60 | |
1725 total
» units
Wisp | 19 | |
Huntress | 6 | |
Mountain Giant | 3 | |
Hippogryph | 8 | |
36 total
» upgrades
Strength of the Moon | 3 | |
Moon Armor | 3 | |
Nature's Blessing | 1 | |
Upgrade Moon Glaive | 1 | |
Well Spring | 1 | |
Ultravision | 1 | |
Druid of the Claw Training | 2 | |
Abolish Magic | 1 | |
Strength of the Wild | 3 | |
Reinforced Hides | 3 | |
Mark of the Claw | 1 | |
Hardened Skin | 1 | |
Resistant Skin | 1 | |
22 total
» buildings
Altar of Elders | 1 | |
Moon Well | 9 | |
Ancient of Wonders | 1 | |
Hunter's Hall | 1 | |
Ancient of War | 1 | |
Tree of Ages | 1 | |
Tree of Eternity | 1 | |
Ancient of Lore | 3 | |
Ancient of Wind | 1 | |
Tree of Life | 2 | |
21 total
» build order
00:31 Altar of Elders
00:44 Moon Well
01:32 Ancient of Wonders
01:41 Moon Well
02:27 Hunter's Hall
02:51 Ancient of War
03:58 Tree of Ages
07:02 Tree of Eternity
07:27 Moon Well
09:25 Ancient of Lore
09:30 Ancient of Wind
10:07 Moon Well
11:24 Moon Well
12:57 Tree of Life
13:28 Ancient of Lore
13:35 Ancient of Lore
17:27 Tree of Life
19:59 Moon Well
21:00 Moon Well
21:58 Moon Well
23:10 Moon Well
» items
Orb of Venom | 1 | |
Potion of Healing | 2 | |
Scroll of Town Portal | 2 | |
5 total
team 2 (winner)
celobox (
orange | 50 APM | 1256 actions | 25:13)
8 Dark Ranger
3 Black Arrow
3 Life Drain
1 Charm
1 Silence
» actions
Assign group hotkey | 32 | |
Basic commands | 2 | |
Build / train | 95 | |
Enter build submenu | 19 | |
Enter hero's abilities submenu | 8 | |
Give item / drop item | 3 | |
Right click | 513 | |
Select / deselect | 239 | |
Select group hotkey | 278 | |
Use ability | 67 | |
1256 total
» units
Acolyte | 12 | |
Ghoul | 14 | |
Crypt Fiend | 17 | |
Obsidian Statue | 2 | |
Abomination | 9 | |
54 total
» upgrades
Web | 1 | |
Creature Attack | 3 | |
Creature Carapace | 3 | |
Disease Cloud | 1 | |
Unholy Strength | 3 | |
Unholy Armor | 2 | |
13 total
» buildings
Altar of Darkness | 1 | |
Crypt | 1 | |
Ziggurat | 10 | |
Tomb of Relics | 1 | |
Halls of the Dead | 1 | |
Graveyard | 1 | |
Sacrificial Pit | 1 | |
Slaughterhouse | 1 | |
Necropolis | 1 | |
Nerubian Tower | 2 | |
Black Citadel | 1 | |
Spirit Tower | 3 | |
24 total
» build order
00:18 Altar of Darkness
00:22 Crypt
00:23 Ziggurat
01:27 Tomb of Relics
01:29 Ziggurat
03:17 Halls of the Dead
03:39 Graveyard
05:39 Sacrificial Pit
06:06 Slaughterhouse
07:54 Ziggurat
07:59 Ziggurat
10:11 Ziggurat
10:13 Necropolis
10:15 Ziggurat
11:09 Nerubian Tower
13:02 Black Citadel
13:10 Ziggurat
13:14 Ziggurat
13:44 Spirit Tower
14:16 Spirit Tower
16:38 Ziggurat
16:43 Ziggurat
19:01 Nerubian Tower
19:04 Spirit Tower
» items
Rod of Necromancy | 2 | |
Scroll of Town Portal | 3 | |
Potion of Lesser Invulnerability | 1 | |
Scroll of Protection | 2 | |
Scroll of Regeneration | 1 | |
Potion of Healing | 1 | |
Potion of Mana | 2 | |
12 total

»
ats_war (
pink | 64 APM | 1624 actions | 25:13)
4 Pandaren Brewmaster
2 Breath of Fire
2 Drunken Brawler
4 Mountain King
2 Storm Bolt
2 Bash
» actions
Assign group hotkey | 24 | |
Basic commands | 232 | |
Build / train | 106 | |
ESC pressed | 1 | |
Enter build submenu | 23 | |
Enter hero's abilities submenu | 8 | |
Right click | 394 | |
Select / deselect | 516 | |
Select group hotkey | 233 | |
Use ability | 87 | |
1624 total
» units
Peasant | 20 | |
Footman | 5 | |
Rifleman | 11 | |
Mortar Team | 8 | |
Knight | 3 | |
Sorceress | 2 | |
Priest | 3 | |
Siege Engine | 2 | |
54 total
» upgrades
Gunpowder | 2 | |
Long Rifles | 1 | |
Lumber Harvesting | 2 | |
Armor | 2 | |
Swords | 1 | |
Animal War Training | 2 | |
Barrage | 1 | |
11 total
» buildings
Altar of Kings | 1 | |
Farm | 7 | |
Barracks | 1 | |
Lumber Mill | 1 | |
Blacksmith | 1 | |
Scout Tower | 7 | |
Arcane Tower | 1 | |
Keep | 1 | |
Guard Tower | 6 | |
Workshop | 1 | |
Arcane Vault | 1 | |
Castle | 1 | |
Town Hall | 1 | |
Arcane Sanctum | 1 | |
31 total
» build order
00:11 Altar of Kings
00:29 Farm
00:42 Barracks
01:03 Farm
01:54 Lumber Mill
02:13 Farm
02:48 Blacksmith
03:13 Scout Tower
04:23 Arcane Tower
04:25 Keep
05:10 Scout Tower
05:37 Guard Tower
05:40 Farm
05:42 Farm
06:57 Scout Tower
07:28 Guard Tower
08:15 Workshop
08:57 Scout Tower
10:03 Guard Tower
10:14 Arcane Vault
10:59 Farm
11:00 Farm
12:30 Scout Tower
12:31 Scout Tower
13:30 Guard Tower
15:39 Castle
16:44 Town Hall
17:33 Arcane Sanctum
17:52 Guard Tower
18:39 Guard Tower
24:51 Scout Tower
» items
Scroll of Regeneration | 4 | |
Potion of Healing | 6 | |
Scroll of Town Portal | 4 | |
Ivory Tower | 3 | |
Orb of Fire | 2 | |
19 total
Jiggaboo (
blue | 51 APM | 1299 actions | 25:14)
8 Blood Mage
3 Flame Strike
2 Siphon Mana
1 Summon Phoenix
2 Banish
» actions
Assign group hotkey | 17 | |
Basic commands | 32 | |
Build / train | 91 | |
Enter build submenu | 31 | |
Enter hero's abilities submenu | 8 | |
Remove unit from queue | 1 | |
Right click | 589 | |
Select / deselect | 303 | |
Select group hotkey | 120 | |
Use ability | 107 | |
1299 total
» units
Peasant | 15 | |
Footman | 4 | |
Sorceress | 3 | |
Gryphon Rider | 7 | |
29 total
» upgrades
Lumber Harvesting | 1 | |
Masonry | 3 | |
Sorceress Training | 1 | |
Magic Sentry | 1 | |
Storm Hammers | 1 | |
Swords | 3 | |
Armor | 3 | |
Animal War Training | 1 | |
Cloud | 1 | |
15 total
» buildings
Altar of Kings | 1 | |
Farm | 7 | |
Barracks | 1 | |
Scout Tower | 13 | |
Arcane Tower | 3 | |
Lumber Mill | 1 | |
Arcane Vault | 1 | |
Keep | 1 | |
Town Hall | 3 | |
Guard Tower | 3 | |
Arcane Sanctum | 1 | |
Castle | 1 | |
Gryphon Aviary | 2 | |
Blacksmith | 2 | |
40 total
» build order
00:59 Altar of Kings
01:02 Farm
01:04 Barracks
01:32 Scout Tower
01:37 Farm
02:14 Farm
02:16 Farm
02:24 Arcane Tower
03:15 Lumber Mill
03:36 Arcane Vault
04:26 Keep
05:05 Scout Tower
05:06 Scout Tower
05:07 Scout Tower
06:07 Town Hall
06:14 Guard Tower
06:38 Scout Tower
06:40 Scout Tower
06:42 Scout Tower
06:44 Scout Tower
06:47 Scout Tower
06:55 Guard Tower
07:01 Arcane Sanctum
08:03 Guard Tower
09:22 Castle
11:57 Gryphon Aviary
13:42 Scout Tower
13:43 Scout Tower
13:44 Scout Tower
13:45 Scout Tower
14:15 Arcane Tower
14:19 Blacksmith
14:22 Blacksmith
14:49 Arcane Tower
14:53 Farm
14:54 Farm
14:59 Farm
19:08 Town Hall
23:59 Town Hall
» items
Scroll of Regeneration | 4 | |
Boots of Speed | 1 | |
Potion of Invisibility | 6 | |
Potion of Healing | 5 | |
Potion of Mana | 6 | |
Lesser Clarity Potion | 3 | |
Scroll of Town Portal | 4 | |
29 total

»
yolo001 (
red | 49 APM | 1241 actions | 25:12)
5 Crypt Lord
2 Impale
3 Carrion Beetles
3 Dreadlord
2 Vampiric Aura
1 Sleep
2 Death Knight
1 Death Coil
1 Unholy Aura
» actions
Assign group hotkey | 22 | |
Basic commands | 1 | |
Build / train | 80 | |
Enter build submenu | 16 | |
Enter hero's abilities submenu | 11 | |
Give item / drop item | 2 | |
Remove unit from queue | 3 | |
Right click | 710 | |
Select / deselect | 246 | |
Select group hotkey | 106 | |
Use ability | 44 | |
1241 total
» units
Acolyte | 8 | |
Ghoul | 5 | |
Crypt Fiend | 4 | |
Obsidian Statue | 6 | |
Gargoyle | 3 | |
Abomination | 8 | |
Frost Wyrm | 9 | |
43 total
» upgrades
Web | 1 | |
Disease Cloud | 1 | |
Unholy Strength | 2 | |
Creature Attack | 2 | |
Freezing Breath | 1 | |
Creature Carapace | 1 | |
Unholy Armor | 1 | |
9 total
» buildings
Altar of Darkness | 1 | |
Ziggurat | 7 | |
Crypt | 1 | |
Graveyard | 1 | |
Tomb of Relics | 1 | |
Nerubian Tower | 1 | |
Spirit Tower | 3 | |
Halls of the Dead | 1 | |
Slaughterhouse | 1 | |
Black Citadel | 1 | |
Sacrificial Pit | 1 | |
Boneyard | 1 | |
Necropolis | 1 | |
21 total
» build order
00:10 Altar of Darkness
00:15 Ziggurat
00:39 Crypt
01:05 Graveyard
01:19 Tomb of Relics
01:33 Ziggurat
02:04 Nerubian Tower
02:32 Spirit Tower
03:23 Ziggurat
04:35 Halls of the Dead
06:41 Ziggurat
06:42 Ziggurat
07:05 Slaughterhouse
07:06 Black Citadel
08:41 Spirit Tower
10:26 Sacrificial Pit
10:42 Ziggurat
12:32 Boneyard
13:36 Spirit Tower
22:49 Ziggurat
22:52 Necropolis
» items
Rod of Necromancy | 1 | |
Potion of Healing | 4 | |
Orb of Corruption | 1 | |
6 total
Chat log
(00:07 / All) Exodis: flexin on deez niggas
(00:09 / Allies) celobox: rush ok
(00:13 / Allies) celobox: 2v2
(00:19 / Allies) ats_war: k
(00:30 / Allies) Jiggaboo: me not rush
(00:39 / Allies) Jiggaboo: me not rush
(00:44 / Allies) yolo001: me 2
(00:45 / All) Jiggaboo: awwwww shit!
(02:14 / All) Exodis: We out here eatin milk n' cookies cuz we some real niggaz
(03:05 / Allies) Jiggaboo: my instanets is not healthy
(05:56 / All) Jiggaboo: my internets has been shitty lately
(07:58 / All) Jiggaboo: is it just me lagging?
(08:04 / All) MishrasHelix: yep
(08:13 / All) Jiggaboo: so gay
(11:22 / All) Jiggaboo: I have like 3 sec delay
(13:55 / Allies) ats_war: tp“?
(16:19 / Allies) ats_war: check theri expo
(16:26 / Allies) ats_war: i b
(16:29 / Allies) ats_war: no tp
(19:02 / Allies) yolo001: SORRY
(19:19 / Allies) Jiggaboo: b up
(21:32 / Allies) ats_war: thks
(21:39 / Allies) Jiggaboo: he's lucky he didn't lose dk
(21:41 / Allies) Jiggaboo: cuz of my delay
(21:52 / Allies) yolo001: i was busy
(22:01 / Allies) yolo001: my dad called me for something
(22:04 / Allies) yolo001: sorry
(24:42 / All) Jiggaboo: champin